 Dungeon Crawl Stone Soup version 0.22-a0-147-gfdd7f25 (webtiles) character file.

17 mortelune the Conjurer (level 2, -3/20 HPs)
             Began as a Draconian Conjurer on Feb 6, 2018.
             Slain by a killer bee zombie (5 damage)
             ... on level 2 of the Dungeon.
             The game lasted 00:02:44 (1143 turns).

mortelune the Conjurer (Draconian Conjurer)         Turns: 1143, Time: 00:02:44

Health: -3/20      AC:  4    Str: 10    XL:     2   Next: 44%
Magic:  0/5        EV: 12    Int: 15    God:
Gold:   46         SH:  0    Dex: 11    Spells: 2/5 levels left

rFire    . . .     SeeInvis .   h - +0 mace
rCold    . . .     Gourm    .   (no shield)
rNeg     . . .     Faith    .   (armour unavailable)
rPois    .         Spirit   .   (helmet restricted)
rElec    .         Reflect  .   (no cloak)
rCorr    .         Harm     .   (no gloves)
MR       .....                  (no boots)
Stlth    ++........             (no amulet)
HPRegen  0.06/turn              (no ring)
MPRegen  0.09/turn              (no ring)

@: no status effects
A: unfitting armour, cold-blooded, AC +4
a: no special abilities


You were on level 2 of the Dungeon.
You were not hungry.

You visited 1 branch of the dungeon, and saw 2 of its levels.

You collected 46 gold pieces.

Inventory:

Hand Weapons
 f - a +0 club
 h - a +0 mace (weapon)
Missiles
 g - 3 poisoned javelins (quivered)
Scrolls
 d - 2 scrolls of identify {unknown}
 e - a scroll of magic mapping {unknown}
 i - a scroll of remove curse {unknown}
 j - 2 scrolls of immolation {unknown}
Potions
 c - a potion of curing {unknown}
 k - a potion of haste {unknown}
Books
 a - a book of Conjurations

   Spells                             Type                      Level
   a - Magic Dart                     Conjuration                  1
   b - Searing Ray                    Conjuration                  2
   c - Dazzling Spray                 Conjuration/Hexes            3
   d - Fulminant Prism                Conjuration/Hexes            4
   e - Force Lance                    Conjuration/Translocation    4
   f - Iskenderun's Mystic Blast      Conjuration                  4
Comestibles
 b - a ration


   Skills:
 - Level 2.0 Dodging
 - Level 1.7 Stealth
 + Level 2.2 Spellcasting
 * Level 4.4 Conjurations


You had 2 spell levels left.
You knew the following spells:

 Your Spells              Type           Power        Failure   Level  Hunger
a - Magic Dart            Conj           ##..         3%          1    #......
b - Searing Ray           Conj           ##....       5%          2    ###....


Dungeon Overview and Level Annotations

Branches:
Dungeon (2/15)

Altars:


Innate Abilities, Weirdness & Mutations

Your plain brown scales are hard. (AC +4)
You cannot fit into any form of body armour.
You are cold-blooded and may be slowed by cold attacks.


Message History

Aiming: Magic Dart (safe; 3% risk of failure)
Press: ? - help, Shift-Dir - straight line, f/p - killer bee zombie
Aim: a killer bee zombie (lightly damaged)
The magic dart hits the killer bee zombie.
The killer bee zombie is moderately damaged.
The killer bee zombie hits you. x2
* * * LOW HITPOINT WARNING * * *
Throwing (i - inventory)
g - 4 poisoned javelins (quivered)
Press: ? - help, Shift-Dir - straight line, f/p - killer bee zombie
Aim: a killer bee zombie (moderately damaged)
You throw a poisoned javelin.
The poisoned javelin hits the killer bee zombie.
The killer bee zombie is moderately damaged.
The killer bee zombie hits you.
* * * LOW HITPOINT WARNING * * *
The killer bee zombie closely misses you.
The killer bee zombie barely misses you.
There is a stone staircase leading up here.
The killer bee zombie hits you.
You die...

######. ##.....
......# # #####
#.....#.# ###
§≈≈§≈≈#........
....
§§§§.≈#.....#
....
!..≈..'K....#.#
....
..≈..†(Z@.....#
####
≈.§§§≈#..(..###
# ≈≈≈§≈ #######
# #### #


You could see a killer bee zombie and a kobold.

Vanquished Creatures
  A dart slug (D:1)
  5 goblins (D:1)
  4 hobgoblins
  2 bats
  A rat (D:2)
13 creatures vanquished.

Notes
Turn   | Place    | Note
-------+----------+-------------------------------------------
     0 | D:1      | mortelune the Draconian Conjurer began the quest for the Orb.
     0 | D:1      | Reached XP level 1. HP: 14/14 MP: 3/3
   304 | D:1      | Reached XP level 2. HP: 20/20 MP: 0/5
   308 | D:1      | Learned a level 2 spell: Searing Ray
  1020 | D:1      | You fall through a shaft!
  1143 | D:2      | Slain by a killer bee zombie

Vault maps used:
D:1:      saegor_arrival_simple_e
D:2:      chequers_ecumenical_altar_simple_redux, grunt_decor_one_mirror,
          minmay_misc_feat_tiny, kennysheep_generic_room_12

Skill      XL: |  1 |
---------------+----+-----
Dodging        | 2 |  2.0
Stealth        | |  1.7
Spellcasting   | |  2.2
Conjurations   | |  4.4

Action                   || total
-------------------------++-------
Melee: Mace              ||     8
       Unarmed           ||     2
Throw: Javelin           ||     1
 Cast: Magic Dart        ||    24
       Searing Ray       ||     1
  Eat: Chunk             ||     1
Armor: Skin              ||     3
Dodge: Dodged            ||    18

Table legend:
 A = Spawn XP
 B = Non-spawn XP
 C = Spawn XP percentage of total XP
 D = Spawn monster count
 E = Non-spawn monster count
 F = Spawn count percentage of total count
 G = Total turns spent on level
                    A         B        C        D         E        F      G
               +---------+---------+-------+---------+---------+-------+---------
         Total |       0 |      25 |   0.0 |       0 |      13 |   0.0 |  1143
               +---------+---------+-------+---------+---------+-------+---------
           D:1 |       0 |      21 |   0.0 |       0 |      10 |   0.0 |  1086
           D:2 |       0 |       4 |   0.0 |       0 |       3 |   0.0 |    57
               +---------+---------+-------+---------+---------+-------+---------
